 Dungeon Crawl Stone Soup version 0.29-a0-464-g50448035db (webtiles) character file.

Game seed: 18446130497064431861

71 Bruhh the Chopper (level 4, -11/48 HPs)
             Began as an Ogre Fighter on May 20, 2022.
             Killed by nerve-wracking pain
             ... invoked by Jessica
              (14 damage)
             ... on level 2 of the Dungeon.
             The game lasted 00:01:09 (1641 turns).

Bruhh the Chopper (Ogre Fighter)                    Turns: 1641, Time: 00:01:10

Health: -11/48     AC:  3    Str: 22    XL:     4   Next: 24%
Magic:  4/4        EV:  8    Int:  9    God:
Gold:   75         SH:  7    Dex:  8    Spells: 3/3 levels left

rFire   . . .      SeeInvis .   a - +0 war axe
rCold   . . .      Faith    .   c - +0 kite shield
rNeg    . . .      Spirit   .   b - +0 robe
rPois   .          Reflect  .   (helmet restricted)
rElec   .          Harm     .   (no cloak)
rCorr   .          Rampage  .   (gloves unavailable)
Will    .....                   (boots unavailable)
Stlth   +.........              (no amulet)
HPRegen 0.16/turn               (no ring)
MPRegen 0.09/turn               (no ring)

@: mighty
A: large, unfitting armour, tough skin 1
a: no special abilities


You were on level 2 of the Dungeon.
You visited 1 branch of the dungeon, and saw 2 of its levels.

You collected 75 gold pieces.

Inventory:

Hand Weapons
 a - a +0 war axe (weapon)
Armour
 b - a +0 robe (worn)
 c - a +0 kite shield (worn)
Jewellery
 i - an amulet of the acrobat
 o - a ring of positive energy
Wands
 m - a wand of digging (6)
Scrolls
 e - a scroll of identify {unknown}
 h - 2 scrolls of poison {unknown}
 j - a scroll of vulnerability {unknown}
 l - a scroll of teleportation {unknown}
Potions
 f - 2 potions of curing {unknown}
 g - a potion of brilliance {unknown}
 k - a potion of invisibility {unknown}
 n - a potion of experience {unknown}


   Skills:
 - Level 4.0 Fighting
 + Level 4.4 Axes
 - Level 2.6 Dodging
 - Level 3.0 Shields


You had 3 spell levels left.
You didn't know any spells.
Your spell library contained the following spells:

 Spells                   Type           Power      Damage    Failure   Level
 Slow                     Hex            0%         N/A       67%         1
 Confusing Touch          Hex            0%         N/A       96%         3
 Vampiric Draining        Necr           0%         2d6       96%         3


Dungeon Overview and Level Annotations

Branches:
Dungeon (2/15)

Altars:

Annotations:
D:2 Jessica


Innate Abilities, Weirdness & Mutations

You are too large for most types of armour.
You have tough skin. (AC +1)


Message History

Jessica grins evilly.
You block Jessica's attack.
You barely miss Jessica. You hit the plant. Jessica barely misses you.
You hit Jessica but do no damage. You slash the plant!
A nearby plant withers and dies.
Jessica barely misses you.
You closely miss Jessica. You closely miss the kobold.
You block Jessica's attack. You block the kobold's attack.
Jessica hits you with a +0 club. The kobold barely misses you.
You barely miss Jessica. You slash the kobold!
You kill the kobold!
Jessica says, "Why did you come here?"
Jessica zaps a wand.
The puff of flame hits you!
You are too injured to fight recklessly!
You are too injured to fight recklessly!
You are too injured to fight recklessly!
You hit Jessica.
Jessica is heavily wounded.
Jessica casts a spell at you. Pain shoots through your body!
Jessica hits you with a +0 club.
* * * LOW HITPOINT WARNING * * *
You hit Jessica but do no damage.
Jessica is heavily wounded.
Jessica zaps a wand.
The puff of flame hits you.
* * * LOW HITPOINT WARNING * * *
The now-empty wand crumbles to dust.
You closely miss Jessica.
Jessica is heavily wounded.
Jessica gestures at you while chanting.
You barely resist. You hit Jessica but do no damage.
Jessica is heavily wounded.
Jessica hits you with a +0 club.
* * * LOW HITPOINT WARNING * * *
Jessica hits you with a +0 club.
* * * LOW HITPOINT WARNING * * *
Unknown command.
You feel very mighty all of a sudden. Jessica gestures at you while chanting.
Pain shoots through your body!
You die...

### ≈≈# ### #
####### ##.......
#..P.P. ########
#.P..♣ ......##
#@).P♣
##.....###@.PP♣
#..>.......$.♣♣
#...........PP.♣
#........###.PPP
#.#.♣♣.♣......#..#
. ♣..♣♣.##..# ##
♣..♣♣.# .# ♣..♣♣.#
# ♣..♣♣..


You could see Jessica.

Vanquished Creatures
  Robin (D:2)
  A dart slug (D:1)
  4 bats
  2 endoplasms
  9 goblins
  10 hobgoblins
  3 jackals (D:2)
  6 kobolds
  3 quokkas (D:1)
  7 ball pythons
  2 frilled lizards (D:1)
  3 rats (D:1)
51 creatures vanquished.

Vanquished Creatures (others)
  A plant (D:2)
1 creature vanquished.

Grand Total: 52 creatures vanquished

Notes
Turn   | Place    | Note
-------+----------+-------------------------------------------
     0 | D:1      | Bruhh the Ogre Fighter began the quest for the Orb.
     0 | D:1      | Reached XP level 1. HP: 24/24 MP: 1/1
    39 | D:1      | Reached XP level 2. HP: 20/32 MP: 2/2
   557 | D:1      | Reached XP level 3. HP: 39/39 MP: 3/3
  1403 | D:2      | Noticed Robin
  1411 | D:2      | Killed Robin
  1412 | D:2      | Reached XP level 4. HP: 40/48 MP: 4/4
  1630 | D:2      | Noticed Jessica
  1641 | D:2      | Killed from afar by Jessica

Illustrated notes

Levels and vault maps discovered:
D:1:      saegor_arrival_simple_b, layout_rooms, amethyst_killhole,
          roderic_lattice_a
D:2:      layout_loops_ring, serial_forest, infiniplex_forest_zigzag_1,
          infiniplex_forest_lined_4_way, infiniplex_forest_straight_4,
          infiniplex_forest_corner_1, infiniplex_forest_straight_4,
          infiniplex_forest_clump_medium, infiniplex_forest_clump_small,
          infiniplex_forest_lined_corner, ebering_ecumenical_altar_abandoned,
          chequers_serial_rivers_large_b, minmay_misc_feat_rugged,
          minmay_misc_feat_pillars, uniq_robin, uniq_jessica

Skill      XL: |  1  2  3 |
---------------+----------+-----
Axes           | 3 4 |  4.4
Fighting       | |  4.0
Dodging        | |  2.6
Shields        | |  3.0

Action                   |  1- 3 |  4- 6 || total
-------------------------+-------+-------++-------
Melee: War axe           |   120 |    17 ||   137
  Use: Potion            |       |     1 ||     1
 Stab: Sleeping          |     1 |       ||     1
Armor: Robe              |    38 |       ||    38
Dodge: Dodged            |    49 |     5 ||    54
Block: Kite shield       |    54 |     6 ||    60

Table legend: (Time is in decaauts)
 A = Elapsed time spent in this place.
 B = Non-inter-level travel time spent in this place.
 C = Inter-level travel time spent in this place.
 D = Time resting spent in this place.
 E = Time spent auto-exploring this place.
 F = Levels seen in this place.
 G = Mean time per level.
                   A        B        C        D        E       F      G
               +--------+--------+--------+--------+--------+-----+--------+
         Total |   1732 |   1722 |     10 |      0 |   1399 |   2 |  866.0 |
       Dungeon |   1732 |   1722 |     10 |      0 |   1399 |   2 |  866.0 |
               +--------+--------+--------+--------+--------+-----+--------+

Top non-repeatable levels by time:
     D:1: 1113 daAuts
     D:2: 619 daAuts
